 Seeded DCSS version 0.31-a0-214-gb37851dbb3 (webtiles) character file.

Game seed: 17612545735370830489 (custom seed)

140 innerfire43 the Trooper (level 5, -9/42 HPs)
             Began as a Demonspawn Monk on July 1, 2023.
             Mangled by a gnoll
             ... wielding a +0 halberd
              (11 damage)
             ... on level 3 of the Dungeon.
             The game lasted 00:02:54 (1485 turns).

innerfire43 the Trooper (Demonspawn Monk)           Turns: 1485, Time: 00:02:55

Health: -9/42      AC:  9    Str: 13    XL:     5   Next: 2%
Magic:  5/5        EV:  8    Int: 13    God:
Gold:   281        SH:  0    Dex: 16    Spells: 4/4 levels left

rFire   . . .        k - +2 dagger (drain)
rCold   . . .        f - +10 tower shield of Ignorance {rN+ Int-4}
rNeg    + + .        h - +2 leather armour of Impatience {rN+ Stlth+}
rPois   .            l - +0 helmet
rElec   .            p - +2 cloak
rCorr   .            (no gloves)
SInv    +            (no boots)
Will    .....        (no amulet)
Stlth   ++           g - +6 ring of intelligence
HPRegen 0.27/turn    m - ring of see invisible
MPRegen 0.09/turn

%: no passive effects
@: confused, mighty, ambrosia-drunk
A: powered by death 1, powered by pain 1, weakness stinger 1
a: no special abilities


You were on level 3 of the Dungeon.
You visited 1 branch of the dungeon, and saw 3 of its levels.

You collected 1197 gold pieces.
You spent 916 gold pieces at shops.

Inventory:

Hand Weapons
 a - a +0 short sword of flaming
 k - a +2 dagger of draining (weapon)
Armour
 b - a +0 robe
 d - an orb of light
 f - the +10 tower shield of Ignorance (worn) {rN+ Int-4}
   (You bought it in a shop on level 1 of the Dungeon)

   Int:       It affects your intelligence (-4).
   rN:        It protects you from negative energy.
 h - the +2 leather armour of Impatience (worn) {rN+ Stlth+}
   (You bought it in a shop on level 1 of the Dungeon)

   rN:        It protects you from negative energy.
   Stlth:     It makes you more stealthy.
 l - a +0 helmet (worn)
 p - a +2 cloak (worn)
Jewellery
 g - a +6 ring of intelligence (left hand)
 m - a ring of see invisible (right hand)
Scrolls
 i - 2 scrolls of identify {unknown}
 j - 3 scrolls of amnesia {unknown}
 q - a scroll of revelation {unknown}
 r - a scroll of butterflies {unknown}
Potions
 c - 2 potions of ambrosia
 e - 2 potions of brilliance {unknown}
 n - a potion of degeneration {unknown}
 o - 2 potions of mutation {unknown}


   Skills:
 - Level 4.0 Fighting
 - Level 3.2 Short Blades
 - Level 3.2 Dodging
 * Level 2.2 Shields


You had 4 spell levels left.
You didn't know any spells.
Your spell library contained the following spells:

 Spells                   Type           Power      Damage    Failure   Level
 Slow                     Hex            0%         N/A       100%        1
 Confusing Touch          Hex            0%         N/A       100%        3
 Dazzling Flash           Conj/Hex       0%         N/A       100%        3
 Vampiric Draining        Necr           0%         2d6       100%        3
 Volatile Blastmotes      Fire/Tloc      0%         2d10      100%        3
 Fulminant Prism          Conj/Hex       0%         3d5       100%        4
 Iskenderun's Mystic Bla  Conj/Tloc      0%         2d3       100%        4
 Agony                    Necr           0%         N/A       100%        5
 Lee's Rapid Deconstruct  Erth           0%         3d4*      100%        5
 Silence                  Hex/Air        0%         N/A       100%        5


Dungeon Overview and Level Annotations

Branches:
Dungeon (3/15)

Altars:

Shops:
D:1 ([??


Innate Abilities, Weirdness & Mutations

You regenerate a little health from kills.
You sometimes gain a little power by taking damage.
You have a small tail.


Message History

You block the gnoll's attack. x2; The gnoll barely misses you.
You block the gnoll's attack. You block the gnoll's attack. x3
You hit the gnoll.
The gnoll is lightly wounded.
The gnoll barely misses you. The gnoll completely misses you.
You block the gnoll's attack.
You hit the gnoll.
The gnoll is severely wounded.
Something bites the plant.
The plant begins to die.
You block the gnoll's attack. The gnoll hits you with a +0 halberd!
You block the gnoll's attack.
You barely miss the gnoll.
Your tail-slap misses the gnoll.
The gnoll is severely wounded.
The gnoll hits you with a +0 flail. You block the gnoll's attack. x3
The gnoll closely misses you. x2
You closely miss the gnoll.
The gnoll is severely wounded.
You block the gnoll's attack. The gnoll hits you with a +0 halberd.
You block the gnoll's attack.
You barely miss the gnoll.
The gnoll is severely wounded.
You block the gnoll's attack. x2; The gnoll hits you with a +0 halberd!
* * * LOW HITPOINT WARNING * * *
You hit the gnoll. You drain the gnoll.
You kill the gnoll!
A nearby plant withers and dies.
You block the gnoll's attack. The gnoll hits you with a +0 halberd!
* * * LOW HITPOINT WARNING * * *
You focus on the pain.
You feel very mighty all of a sudden.
You have reached level 5!
Your demonic ancestry asserts itself...
A wave of death washes over you.
You are confused.
You feel invigorated. The gnoll barely misses you.
The gnoll hits you with a +0 whip!
* * * LOW HITPOINT WARNING * * *
The gnoll hits you with a +0 halberd!
You die...

#...PPPPPā™£ +.......P.
#.$....... #.....#..# ....##
.......). ###### #....#
#.....# .....# #....# #.....#
####.# #....###gw...### #.##
#....#.@g.......
#..####....#g#########
##..#..^...#.#########
######.................<#####
.)........)................>#
#)###.#.##.#...####.#######.#
#...#.#.##.#...####.##. ..#.#
###.#.#.##.#......#.... #.#.#
.#...##.####.#.#... #.#.#


You could see a worm and 3 gnolls.

Vanquished Creatures
  Crazy Yiuf (D:2)
  Robin (D:2)
  3 adders (D:3)
  A gnoll (D:3)
  2 dart slugs (D:2)
  3 bats
  2 endoplasms (D:2)
  3 giant cockroaches (D:2)
  15 goblins
  4 hobgoblins
  2 ball pythons (D:2)
  2 frilled lizards
  12 kobolds
  4 rats
55 creatures vanquished.

Notes
Turn   | Place    | Note
-------+----------+-------------------------------------------
     0 | D:1      | innerfire43 the Demonspawn Monk began the quest for the
                  | Orb.
     0 | D:1      | Reached XP level 1. HP: 18/18 MP: 1/1
    23 | D:1      | Found Wezuit Hoju's Antique Weapon Shoppe.
   257 | D:1      | Found Apnaij's Armour Emporium.
   327 | D:1      | Found Irownig's Magic Scroll Shoppe.
   410 | D:1      | Found Raxki's Magic Scroll Shop.
   416 | D:1      | Gained mutation: You sometimes gain a little power by
                  | taking damage. [demonic ancestry]
   416 | D:1      | Reached XP level 2. HP: 23/24 MP: 2/2
   495 | D:1      | Identified a scroll of acquirement
   495 | D:1      | Acquired 989 gold pieces
   531 | D:1      | Bought the +10 tower shield of Ignorance {rN+ Int-4} for
                  | 630 gold pieces
   531 | D:1      | Found the +10 tower shield of Ignorance {rN+ Int-4}
   531 | D:1      | Bought the +2 leather armour of Impatience {rN+ Stlth+} for
                  | 286 gold pieces
   730 | D:2      | Found a runed translucent door.
   731 | D:2      | Noticed Crazy Yiuf
   757 | D:2      | Noticed Robin
   774 | D:2      | Gained mutation: You have a small tail. [demonic ancestry]
   774 | D:2      | Reached XP level 3. HP: 24/29 MP: 3/3
   797 | D:2      | Killed Robin
  1190 | D:2      | Reached XP level 4. HP: 37/37 MP: 4/4
  1288 | D:2      | Killed Crazy Yiuf
  1289 | D:2      | Reached skill level 4 in Fighting
  1289 | D:2      | Reached skill level 1 in Shields
  1485 | D:3      | Gained mutation: You regenerate a little health from kills.
                  | [demonic ancestry]
  1485 | D:3      | Reached XP level 5. HP: 4/42 MP: 5/5
  1485 | D:3      | HP: 2/42 [gnoll/+0 whip (7)]
  1485 | D:3      | Mangled by a gnoll

Illustrated notes

Levels and vault maps discovered:
D:1:      grunt_arrival_crossed_arrows, layout_rooms, serial_shops,
          nicolae_shop_tiny_real_fake_doors, shop, nicolae_shop_tiny_waterfront,
          shop_coins
D:2:      layout_loops_cross, uniq_crazy_yiuf_cottage, uniq_robin
D:3:      layout_basic, gammafunk_ghost_smash, dreamdust_ecumenical_altar_grove

Skill      XL: |  1  2  3  4 |
---------------+-------------+-----
Short Blades   | 3 |  3.2
Dodging        | 3 |  3.2
Fighting       | 4 |  4.0
Shields        | 2 |  2.2

Action                     |  1- 3 |  4- 6 || total
---------------------------+-------+-------++-------
  Melee: Short sword       |    58 |       ||    58
         Dagger            |    80 |    32 ||   112
         Tailslap          |     7 |     3 ||    10
    Use: Scroll            |     2 |       ||     2
         Potion            |       |     1 ||     1
   Stab: Sleeping          |     1 |     1 ||     2
 Armour: Robe              |     9 |       ||     9
         Leather armour    |    14 |     3 ||    17
  Dodge: Dodged            |    35 |     9 ||    44
  Block: Tower shield      |   101 |    46 ||   147

Table legend: (Time is in decaauts)
 A = Elapsed time spent in this place.
 B = Non-inter-level travel time spent in this place.
 C = Inter-level travel time spent in this place.
 D = Time resting spent in this place.
 E = Time spent auto-exploring this place.
 F = Levels seen in this place.
 G = Mean time per level.
                   A        B        C        D        E       F      G
               +--------+--------+--------+--------+--------+-----+--------+
         Total |   1520 |   1432 |     88 |      0 |   1015 |   3 |  506.7 |
       Dungeon |   1520 |   1432 |     88 |      0 |   1015 |   3 |  506.7 |
               +--------+--------+--------+--------+--------+-----+--------+

Top non-repeatable levels by time:
     D:2: 814 daAuts
     D:1: 549 daAuts
     D:3: 155 daAuts
